[Event "ESP chT Honor Division 2019"]
[Site "Melilla"]
[Date "2019.10.03"]
[Round "4.4"]
[White "Quispe Arteaga, Gabriel"]
[Black "Suarez Real, Alberto"]
[Result "1-0"]
[ECO "A49"]
[WhiteElo "2404"]
[BlackElo "2460"]
[Annotator "ChessBase"]
[PlyCount "115"]
[EventDate "2019.09.30"]
[EventType "team-tourn"]
[EventCountry "ESP"]
[SourceTitle "playchess.com"]
[Source "ChessBase"]
[SourceQuality "1"]
[TimeControl "40/5400+30:1800+30"]

1. d4 Nf6 2. Nf3 g6 3. g3 Bg7 4. Bg2 O-O 5. O-O d5 6. c4 dxc4 7. Na3 Na6 8. Nxc4 c5 9. dxc5 Be6 10. Nce5 Nxc5 11. Be3 Rc8 12. Ng5 Bd5 13. Rc1 Bxg2 14. Qxd8 Rfxd8 15. Kxg2 Nd5 16. Bxc5 Bxe5 17. Ba3 b5 18. Rxc8 Rxc8 19. Rd1 e6 20. e4 Nb6 21. b3 Bf6 22. Nf3 h6 23. Rc1 a6 24. Rxc8+ Nxc8 25. Kf1 Be7 26. Bxe7 Nxe7 27. Ne5 Kf8 28. Nd7+ Ke8 29. Nc5 a5 30. Nb7 Nc6 31. Nd6+ Ke7 32. Nxb5 Nb4 33. Nc3 Kd6 34. Ke2 Kc5 35. Kd2 Nc6 36. a3 Nd4 37. Na4+ Kb5 38. Kc3 Nf3 39. h4 g5 40. hxg5 hxg5 41. Kd3 Ne1+ 42. Kd2 Nf3+ 43. Kc3 Ng1 44. Nb2 Ne2+ 45. Kd3 Nc1+ 46. Kc2 Ne2 47. Nd3 Nd4+ 48. Kc3 Ne2+ 49. Kd2 Nd4 50. a4+ Kb6 51. Kc3 Nf3 52. Nb2 Ka6 53. Nc4 f6 54. Kd3 e5 55. Nd2 Nd4 56. Kc4 g4 57. Kd5 Kb6 58. Kd6 1-0

[Event "ESP chT Honor Division 2019"]
[Site "Melilla"]
[Date "2019.10.03"]
[Round "4.5"]
[White "Ortega Hermida, Daniel"]
[Black "Suarez Uriel, Adrian"]
[Result "1-0"]
[ECO "B31"]
[WhiteElo "2341"]
[BlackElo "2392"]
[Annotator "NA RC"]
[PlyCount "99"]
[EventDate "2019.09.30"]
[EventType "team-tourn"]
[EventCountry "ESP"]
[SourceTitle "playchess.com"]
[Source "ChessBase"]
[SourceQuality "1"]
[TimeControl "40/5400+30:1800+30"]

1. e4 c5 2. Nf3 Nc6 3. Bb5 g6 4. O-O Bg7 5. c3 Nf6 6. d4 cxd4 7. cxd4 a6 8. Bxc6 dxc6 9. Nc3 O-O 10. h3 Qc7 11. Be3 Rd8 12. Qc2 h6 13. Na4 Nd7 14. Rac1 b5 15. Nc5 Nb6 16. Ne5 Bxe5 17. dxe5 Qxe5 18. Rfd1 Rxd1+ 19. Rxd1 Kh7 20. b3 a5 21. Nd3 Qc7 22. Qc5 Ra6 23. Bf4 Qd8 24. Qc1 Qe8 25. Bxh6 Nd7 26. Be3 Bb7 27. Bc5 Ra8 28. h4 Nf6 29. f3 a4 30. Ne5 axb3 31. axb3 Bc8 32. b4 Be6 33. Rd2 Qh8 34. Nxc6 Nxe4 35. Bd4 Nf6 36. Nxe7 Kg7 37. g3 Qb8 38. Kh2 Qb7 39. Nc6 Rc8 40. Bxf6+ Kh7 41. Rd8 Qb6 42. Qc5 Qa6 43. Rxc8 Qa2+ 44. Kg1 Bxc8 45. Nd4 Qb1+ 46. Kg2 Bd7 47. Qe7 Qa2+ 48. Ne2 Be6 49. Kf2 Bc4 50. Qe8 1-0

[Event "ESP chT Honor Division 2019"]
[Site "Melilla"]
[Date "2019.10.03"]
[Round "4.6"]
[White "Di Benedetto, Desiree"]
[Black "Vega Gutierrez, Belinda"]
[Result "1/2-1/2"]
[ECO "D37"]
[WhiteElo "2235"]
[BlackElo "2152"]
[Annotator "NA"]
[PlyCount "103"]
[EventDate "2019.09.30"]
[EventType "team-tourn"]
[EventCountry "ESP"]
[SourceTitle "playchess.com"]
[Source "ChessBase"]
[SourceQuality "1"]
[TimeControl "40/5400+30:1800+30"]

1. d4 d5 2. Nf3 Nf6 3. c4 e6 4. Nc3 Be7 5. cxd5 exd5 6. Bf4 c6 7. Qc2 Bg4 8. Ne5 Bh5 9. e3 Nbd7 10. Bd3 Bg6 11. Nxg6 hxg6 12. h3 Nf8 13. a3 Ne6 14. Bh2 Bd6 15. Bxd6 Qxd6 16. b4 g5 17. Ne2 g4 18. Ng3 gxh3 19. gxh3 a6 20. Nf5 Qd7 21. f4 Nh5 22. Qf2 Qd8 23. Ng3 Nxg3 24. Qxg3 Qh4 25. Kf2 Ke7 26. Qxh4+ Rxh4 27. Kg3 Rah8 28. a4 g5 29. f5 Nc7 30. Kg2 Kf6 31. Raf1 Ne8 32. b5 axb5 33. axb5 cxb5 34. Bxb5 Nd6 35. Bd3 Ne4 36. Be2 Rc8 37. Rc1 Rxc1 38. Rxc1 Kxf5 39. Bg4+ Kg6 40. Rb1 f5 41. Rb6+ Nf6 42. Bf3 f4 43. e4 dxe4 44. Bxe4+ Kf7 45. Rxb7+ Ke6 46. Rb6+ Ke7 47. Rb7+ Ke6 48. Bf3 Rh8 49. Rb5 Rd8 50. Re5+ Kf7 51. Rxg5 Rxd4 52. Bh5+ 1/2-1/2

[Event "ESP chT Honor Division 2019"]
[Site "Melilla"]
[Date "2019.10.03"]
[Round "4.11"]
[White "Ubilava, Elizbar"]
[Black "Moreno Tejera, Emilio"]
[Result "0-1"]
[ECO "E62"]
[WhiteElo "2481"]
[BlackElo "2427"]
[Annotator "ChessBase"]
[PlyCount "108"]
[EventDate "2019.09.30"]
[EventType "team-tourn"]
[EventCountry "ESP"]
[SourceTitle "playchess.com"]
[Source "ChessBase"]
[SourceQuality "1"]
[TimeControl "40/5400+30:1800+30"]

1. d4 Nf6 2. Nf3 g6 3. g3 Bg7 4. Bg2 O-O 5. O-O d6 6. c4 Nc6 7. Nc3 e5 8. dxe5 dxe5 9. Bg5 Be6 10. Qb3 Qb8 11. Bxf6 Bxf6 12. Nd5 Bd8 13. Rfd1 f6 14. c5 Rf7 15. e4 Kg7 16. Qc3 Bg4 17. Nb4 Nxb4 18. Qxb4 Be7 19. Qc3 b6 20. c6 Bc5 21. h3 Bxf3 22. Qxf3 Bd4 23. Rd2 Qf8 24. Rc2 Rd8 25. Kh2 Rd6 26. Rd1 a5 27. Qb3 Qe7 28. Rdd2 Rf8 29. Bf1 h5 30. h4 f5 31. exf5 gxf5 32. Qf3 f4 33. Bd3 Kh6 34. Re2 Qg7 35. Kg2 Rg8 36. Be4 Rf6 37. Qd3 Qg4 38. Rc4 Qxh4 39. Rxd4 exd4 40. Bd5 fxg3 41. fxg3 Rxg3+ 42. Qxg3 Rg6 43. Qxg6+ Kxg6 44. Bf3 Kf6 45. Rf2 Ke5 46. Re2+ Kd6 47. Re4 Qg5+ 48. Kf2 Qd2+ 49. Re2 Qf4 50. Re4 Qh2+ 51. Bg2 Kc5 52. b3 h4 53. Kf1 h3 54. Bf3 Qxa2 0-1

[Event "ESP chT Honor Division 2019"]
[Site "Melilla"]
[Date "2019.10.03"]
[Round "4.13"]
[White "Bacrot, Etienne"]
[Black "Ivanchuk, Vassily"]
[Result "1-0"]
[ECO "E10"]
[WhiteElo "2671"]
[BlackElo "2686"]
[Annotator "ChessBase"]
[PlyCount "93"]
[EventDate "2019.09.30"]
[EventType "team-tourn"]
[EventCountry "ESP"]
[SourceTitle "playchess.com"]
[Source "ChessBase"]
[SourceQuality "1"]
[TimeControl "40/5400+30:1800+30"]

1. c4 Nf6 2. d4 e6 3. Nf3 d5 4. e3 Nbd7 5. b3 c5 6. Bd3 b6 7. O-O Bb7 8. cxd5 Nxd5 9. Bb2 Be7 10. dxc5 Bf6 11. Qe2 Nxc5 12. Bb5+ Kf8 13. Rd1 Bxb2 14. Qxb2 Qf6 15. Ne5 Qg5 16. Bc6 Bxc6 17. Nxc6 Qf6 18. Ne5 Kg8 19. Nd2 h5 20. Qd4 h4 21. h3 Rh5 22. Ndf3 Qf5 23. Rac1 Qe4 24. Qb2 f6 25. Rc4 Qh7 26. Nc6 a5 27. Nfd4 Kh8 28. Qe2 Re8 29. Qf3 Ne4 30. Nb5 Nc5 31. e4 Nb4 32. Nxb4 axb4 33. Nd6 Rf8 34. Rxb4 Nd7 35. Nc4 Ne5 36. Nxe5 Rxe5 37. a4 Qg6 38. Rxb6 Rxe4 39. a5 f5 40. a6 Kh7 41. a7 Ra8 42. Rb7 Kh6 43. Qc3 Re2 44. Rb8 Rxa7 45. Rh8+ Kg5 46. f4+ Kxf4 47. Qf3+ 1-0

[Event "ESP chT Honor Division 2019"]
[Site "Melilla"]
[Date "2019.10.03"]
[Round "4.16"]
[White "Mareco, Sandro"]
[Black "Franco Alonso, Alejandro"]
[Result "1-0"]
[ECO "A14"]
[WhiteElo "2634"]
[BlackElo "2384"]
[Annotator "ChessBase"]
[PlyCount "51"]
[EventDate "2019.09.30"]
[EventType "team-tourn"]
[EventCountry "ESP"]
[SourceTitle "playchess.com"]
[Source "ChessBase"]
[SourceQuality "1"]
[TimeControl "40/5400+30:1800+30"]

1. Nf3 Nf6 2. c4 e6 3. g3 d5 4. Bg2 Be7 5. O-O O-O 6. b3 a5 7. Nc3 c6 8. d4 b6 9. Qd3 Ba6 10. Rd1 Nbd7 11. e4 b5 12. e5 bxc4 13. Qc2 Ne8 14. h4 Rc8 15. Bg5 c5 16. dxc5 Nxc5 17. bxc4 Bxc4 18. Rd4 g6 19. Rad1 Qc7 20. Rxc4 Bxg5 21. Rxd5 Be7 22. Rd1 Qa7 23. Ne4 Rc7 24. Nd6 Na6 25. Nc8 Nb4 26. Rxc7 1-0

[Event "ESP chT Honor Division 2019"]
[Site "Melilla"]
[Date "2019.10.03"]
[Round "4.17"]
[White "Gonzalez De La Torre, Santiago"]
[Black "Lopez Martinez, Josep Manuel"]
[Result "1-0"]
[ECO "C78"]
[WhiteElo "2423"]
[BlackElo "2573"]
[Annotator "ChessBase"]
[PlyCount "147"]
[EventDate "2019.09.30"]
[EventType "team-tourn"]
[EventCountry "ESP"]
[SourceTitle "playchess.com"]
[Source "ChessBase"]
[SourceQuality "1"]
[TimeControl "40/5400+30:1800+30"]

1. e4 e5 2. Nf3 Nc6 3. Bb5 a6 4. Ba4 Nf6 5. O-O b5 6. Bb3 Bb7 7. Re1 Bc5 8. c3 d6 9. d4 Bb6 10. Be3 O-O 11. Nbd2 h6 12. h3 Re8 13. d5 Ne7 14. Bxb6 cxb6 15. a4 bxa4 16. Bxa4 Rf8 17. Nf1 Ng6 18. Kh2 b5 19. Bc2 Qb6 20. Qd2 Nd7 21. Ne3 Ne7 22. Nh4 Qd8 23. g3 Rc8 24. b4 Nb6 25. Bd3 Rc7 26. Rg1 Kh8 27. Rac1 Bc8 28. f4 Ng8 29. f5 Nf6 30. Nf3 Nc4 31. Nxc4 bxc4 32. Bc2 a5 33. bxa5 Rc5 34. g4 Nh7 35. g5 hxg5 36. Nxg5 Rxa5 37. Nxh7 Kxh7 38. Rg4 Ra2 39. Rcg1 g6 40. Kh1 Qf6 41. Qg2 Kg7 42. Rf1 Bd7 43. Rf2 Rh8 44. fxg6 Qxf2 45. Qxf2 fxg6 46. Rh4 Rxc2 47. Qxc2 Rxh4 48. Qf2 Rxh3+ 49. Kg2 Bg4 50. Qb6 Rxc3 51. Qxd6 Kh6 52. Qf6 Rd3 53. Qh8+ Kg5 54. Qxe5+ Kh4 55. Qh8+ Kg5 56. Qe5+ Kh4 57. Qf6+ g5 58. Qf2+ Kh5 59. e5 Bf3+ 60. Kh2 c3 61. Qa7 Be4 62. e6 Rd2+ 63. Kh3 Rd3+ 64. Kh2 c2 65. e7 Bg6 66. e8=Q Bxe8 67. Qh7+ Kg4 68. Qe4+ Kh5 69. Qxe8+ Kh4 70. Qe1+ Kh5 71. Qe8+ Kh4 72. Qe1+ Kh5 73. Qe2+ g4 74. Qxc2 1-0

[Event "ESP chT Honor Division 2019"]
[Site "Melilla"]
[Date "2019.10.03"]
[Round "4.20"]
[White "Kuzubov, Yuriy"]
[Black "Peralta, Fernando"]
[Result "1/2-1/2"]
[ECO "D38"]
[WhiteElo "2636"]
[BlackElo "2569"]
[Annotator "ChessBase"]
[PlyCount "120"]
[EventDate "2019.09.30"]
[EventType "team-tourn"]
[EventCountry "ESP"]
[SourceTitle "playchess.com"]
[Source "ChessBase"]
[SourceQuality "1"]
[TimeControl "40/5400+30:1800+30"]

1. c4 e6 2. Nf3 d5 3. d4 Nf6 4. Nc3 Bb4 5. Bg5 Nbd7 6. cxd5 exd5 7. Nd2 c6 8. e3 Nf8 9. Bd3 Ng6 10. O-O O-O 11. f4 h6 12. Bxf6 Qxf6 13. f5 Qg5 14. Qe2 Nh4 15. Nf3 Nxf3+ 16. Rxf3 Bd7 17. Qf2 Rfe8 18. Rf1 Qf6 19. g4 h5 20. gxh5 Bxc3 21. bxc3 c5 22. Rg3 cxd4 23. exd4 Kh8 24. Qd2 a6 25. Qg2 Rac8 26. Qxd5 Bc6 27. Qb3 b5 28. Qb2 Re7 29. Qf2 Bb7 30. Be2 Rec7 31. Rc1 Be4 32. a3 Qxf5 33. Qxf5 Bxf5 34. Kf2 Be6 35. Ke1 Bc4 36. Bxc4 Rxc4 37. Kd2 Ra4 38. Ra1 Rc6 39. Rf1 Kg8 40. Ra1 Kf8 41. Re3 Rh6 42. Re5 g6 43. hxg6 Rxh2+ 44. Kd3 Rh3+ 45. Ke4 Rxc3 46. gxf7 Raxa3 47. Rxa3 Rxa3 48. d5 Kxf7 49. d6 Ra1 50. Kd5 Rd1+ 51. Kc6 b4 52. Re3 a5 53. d7 Rc1+ 54. Kd6 Rd1+ 55. Kc7 Rc1+ 56. Kb8 Rd1 57. Kc8 Rc1+ 58. Kb8 Rd1 59. Kc8 Rc1+ 60. Kb7 Rd1 1/2-1/2

[Event "ESP chT Honor Division 2019"]
[Site "Melilla"]
[Date "2019.10.04"]
[Round "5.1"]
[White "Banusz, Tamas"]
[Black "Abasov, Nijat"]
[Result "1/2-1/2"]
[ECO "A46"]
[WhiteElo "2619"]
[BlackElo "2632"]
[Annotator "ChessBase"]
[PlyCount "61"]
[EventDate "2019.09.30"]
[EventType "team-tourn"]
[EventCountry "ESP"]
[SourceTitle "playchess.com"]
[Source "ChessBase"]
[SourceQuality "1"]
[TimeControl "40/5400+30:1800+30"]

1. d4 Nf6 2. Nf3 e6 3. g3 d5 4. Bg2 c5 5. O-O Nc6 6. c4 dxc4 7. dxc5 Qxd1 8. Rxd1 Bxc5 9. Nbd2 c3 10. bxc3 O-O 11. Nb3 Be7 12. c4 Bd7 13. Bb2 Rfd8 14. Nfd4 Rac8 15. Nb5 b6 16. Nd6 Bxd6 17. Rxd6 Be8 18. Rd3 Nb4 19. Rxd8 Rxd8 20. Bc3 a5 21. Nd2 Bc6 22. Bxc6 Nxc6 23. Rb1 Rb8 24. Kg2 Kf8 25. f4 Nd7 26. Ne4 f6 27. Kf2 Ke7 28. a3 f5 29. Nd2 g6 30. Ke3 Nc5 31. Nf3 1/2-1/2

[Event "ESP chT Honor Division 2019"]
[Site "Melilla"]
[Date "2019.10.04"]
[Round "5.2"]
[White "Idani, Pouya"]
[Black "Kuzubov, Yuriy"]
[Result "1/2-1/2"]
[ECO "C43"]
[WhiteElo "2568"]
[BlackElo "2636"]
[Annotator "ChessBase"]
[PlyCount "91"]
[EventDate "2019.09.30"]
[EventType "team-tourn"]
[EventCountry "ESP"]
[SourceTitle "playchess.com"]
[Source "ChessBase"]
[SourceQuality "1"]
[TimeControl "40/5400+30:1800+30"]

1. e4 e5 2. Nf3 Nf6 3. d4 Nxe4 4. Bd3 d5 5. Nxe5 Nd7 6. Nxd7 Bxd7 7. O-O Bd6 8. Nc3 Nxc3 9. bxc3 O-O 10. Qh5 f5 11. Re1 c6 12. Bg5 Qc7 13. Re3 g6 14. Qh4 Rae8 15. Rae1 Rxe3 16. Rxe3 f4 17. Re1 Re8 18. f3 Rxe1+ 19. Qxe1 b5 20. h4 Kg7 21. Be7 Kf7 22. Bg5 Kg7 23. Be7 h6 24. h5 g5 25. Bg6 c5 26. Bxd6 Qxd6 27. Be8 Be6 28. Bxb5 c4 29. Be8 Bf5 30. Qb1 Qb6 31. Qxb6 axb6 32. Bc6 Be6 33. Kf2 Kf6 34. g4 fxg3+ 35. Kxg3 Bf7 36. f4 Be6 37. Be8 Bf5 38. Bc6 Be4 39. Kg4 gxf4 40. Kxf4 Ke6 41. Ba4 Bh7 42. a3 Be4 43. Kg4 Bf5+ 44. Kf4 Be4 45. Kg4 Bf5+ 46. Kf4 {[%emt 0:00:00] Ke5+ Ke4+} 1/2-1/2

[Event "ESP chT Honor Division 2019"]
[Site "Melilla"]
[Date "2019.10.04"]
[Round "5.3"]
[White "Forcen Esteban, Daniel"]
[Black "Pap, Misa"]
[Result "0-1"]
[ECO "E44"]
[WhiteElo "2568"]
[BlackElo "2432"]
[Annotator "ChessBase"]
[PlyCount "74"]
[EventDate "2019.09.30"]
[EventType "team-tourn"]
[EventCountry "ESP"]
[SourceTitle "playchess.com"]
[Source "ChessBase"]
[SourceQuality "1"]
[TimeControl "40/5400+30:1800+30"]

1. d4 Nf6 2. c4 e6 3. Nc3 Bb4 4. e3 b6 5. Nge2 c5 6. a3 Ba5 7. Bd2 O-O 8. d5 exd5 9. cxd5 d6 10. g3 Nbd7 11. Bg2 Ne5 12. O-O a6 13. h3 b5 14. b3 h5 15. f4 Ng6 16. e4 Re8 17. f5 Ne5 18. Nf4 b4 19. axb4 cxb4 20. Na4 Ned7 21. Nxh5 Nxh5 22. Qxh5 Nf6 23. Qh4 Bd7 24. Qf4 Bb5 25. Rfe1 Nd7 26. Kh1 Ne5 27. Nb2 Rc8 28. Rec1 Rc3 29. f6 Ng6 30. Qg4 Bd7 31. Qd1 Rxg3 32. Kh2 Qxf6 33. Kxg3 Qe5+ 34. Kf2 Bb6+ 35. Ke2 Qxb2 36. Ke1 Qd4 37. Qf3 Ne5 0-1

[Event "ESP chT Honor Division 2019"]
[Site "Melilla"]
[Date "2019.10.04"]
[Round "5.4"]
[White "Suarez Real, Alberto"]
[Black "Llorente Zaro, Alfonso"]
[Result "1/2-1/2"]
[ECO "C45"]
[WhiteElo "2460"]
[BlackElo "2447"]
[Annotator "ChessBase"]
[PlyCount "89"]
[EventDate "2019.09.30"]
[EventType "team-tourn"]
[EventCountry "ESP"]
[SourceTitle "playchess.com"]
[Source "ChessBase"]
[SourceQuality "1"]
[TimeControl "40/5400+30:1800+30"]

1. e4 e5 2. Nf3 Nc6 3. d4 exd4 4. Nxd4 Nf6 5. Nxc6 bxc6 6. e5 Qe7 7. Qe2 Nd5 8. h4 d6 9. c4 Nb6 10. exd6 Qxe2+ 11. Bxe2 cxd6 12. Nc3 Be6 13. b3 d5 14. cxd5 Bb4 15. Bd2 Nxd5 16. Nxd5 Bxd2+ 17. Kxd2 Bxd5 18. Rhe1 O-O-O 19. Kc3 Rhe8 20. g3 Kc7 21. Rad1 Be6 22. Rxd8 Rxd8 23. Bc4 Bxc4 24. Kxc4 Rd7 25. Re8 h5 26. f3 g6 27. a4 Kb6 28. Rb8+ Kc7 29. Rf8 Re7 30. a5 Kd6 31. b4 Rb7 32. Rd8+ Kc7 33. Rf8 Kd6 34. Rd8+ Kc7 35. Ra8 Kd6 36. a6 Rd7 37. g4 hxg4 38. fxg4 f5 39. Rg8 fxg4 40. Rxg6+ Kc7 41. Rxg4 Rd1 42. h5 Rh1 43. Rg5 Kb6 44. Rc5 Rh4+ 45. Kc3 1/2-1/2

[Event "ESP chT Honor Division 2019"]
[Site "Melilla"]
[Date "2019.10.04"]
[Round "5.5"]
[White "Gines Esteo, Pedro Antonio"]
[Black "Ortega Hermida, Daniel"]
[Result "0-1"]
[ECO "A46"]
[WhiteElo "2451"]
[BlackElo "2341"]
[Annotator "ChessBase"]
[PlyCount "105"]
[EventDate "2019.09.30"]
[EventType "team-tourn"]
[EventCountry "ESP"]
[SourceTitle "playchess.com"]
[Source "ChessBase"]
[SourceQuality "1"]
[TimeControl "40/5400+30:1800+30"]

1. d4 Nf6 2. Nf3 e6 3. g3 d5 4. Bg2 Be7 5. O-O O-O 6. c4 c6 7. Qc2 b6 8. Bg5 Bb7 9. Nbd2 Nbd7 10. Rad1 h6 11. Bxf6 Nxf6 12. e4 Rc8 13. Rfe1 Qc7 14. c5 bxc5 15. dxc5 a5 16. a3 Ba6 17. b4 Rb8 18. Rb1 axb4 19. axb4 dxe4 20. Nxe4 Nd5 21. Nd4 Rb7 22. Qa4 Bb5 23. Nxb5 Rxb5 24. Bf1 Rb7 25. Rec1 Rfb8 26. b5 cxb5 27. Rxb5 Rxb5 28. Bxb5 f5 29. Nd2 Bg5 30. Rc2 Bxd2 31. Rxd2 Nc3 32. Qc4 Nxb5 33. c6 Qe5 34. Re2 Nd6 35. Qxe6+ Qxe6 36. Rxe6 Nf7 37. Kg2 Kf8 38. h4 Rb3 39. h5 Rc3 40. f4 Rc5 41. Kf3 Rc3+ 42. Kg2 Rd3 43. Kf2 Rd6 44. c7 Rd2+ 45. Re2 Rxe2+ 46. Kxe2 Nd6 47. Kd3 Ke7 48. Kd4 Ke6 49. Kc5 Kd7 50. Kd5 Ne4 51. g4 Nf6+ 52. Ke5 fxg4 53. Kd4 0-1

[Event "ESP chT Honor Division 2019"]
[Site "Melilla"]
[Date "2019.10.04"]
[Round "5.6"]
[White "Vega Gutierrez, Belinda"]
[Black "Osmak, Iulija"]
[Result "1/2-1/2"]
[ECO "C70"]
[WhiteElo "2152"]
[BlackElo "2409"]
[Annotator "ChessBase"]
[PlyCount "227"]
[EventDate "2019.09.30"]
[EventType "team-tourn"]
[EventCountry "ESP"]
[SourceTitle "playchess.com"]
[Source "ChessBase"]
[SourceQuality "1"]
[TimeControl "40/5400+30:1800+30"]

1. e4 e5 2. Nf3 Nc6 3. Bb5 a6 4. Ba4 b5 5. Bb3 Na5 6. O-O d6 7. c3 Nxb3 8. axb3 Nf6 9. d4 Nxe4 10. dxe5 Bb7 11. Re1 dxe5 12. Qxd8+ Rxd8 13. Nbd2 Nxd2 14. Rxe5+ Be7 15. Nxd2 f6 16. Re1 Kf7 17. b4 Rhe8 18. Nf1 c5 19. bxc5 Bxc5 20. Be3 Bf8 21. h3 Re6 22. Ng3 b4 23. cxb4 Bxb4 24. Rec1 Rd7 25. Nf5 Re5 26. Nd4 Bf8 27. Nc6 Re6 28. Na5 Be4 29. Nc4 Rb7 30. Rd1 Rb4 31. Nd2 Bb7 32. b3 f5 33. Nc4 Be7 34. Na5 Be4 35. Rd7 Rb5 36. Rc7 h6 37. Nc4 Rxb3 38. Bc5 Rb1+ 39. Rxb1 Bxb1 40. Ra7 Bd3 41. Bxe7 Bxc4 42. Bb4+ Kg8 43. Bc3 g5 44. Kh2 Kf8 45. Bd4 Ke8 46. Bc3 Bd5 47. Ba5 Rc6 48. Rh7 Kf8 49. Ra7 Ke8 50. Rh7 Bc4 51. Kg1 Bd3 52. Kh2 Be4 53. Ra7 Rc2 54. Kg1 Rc1+ 55. Kh2 Rc6 56. Kg1 Rd6 57. Kh2 Bd3 58. Bc3 Be4 59. Ba5 Bd3 60. Bc3 Bb5 61. Rh7 Rc6 62. Ba5 Kf8 63. Ra7 Rg6 64. Bc3 g4 65. hxg4 fxg4 66. Bd2 Kg8 67. Kg3 Bc4 68. Be3 Bd5 69. Bd4 h5 70. Kh4 Rd6 71. Bc5 Rc6 72. Be3 Bxg2 73. Kxh5 Bf3 74. Kg5 Kf8 75. Kf5 Ke8 76. Bg5 Rb6 77. Kf4 Rb4+ 78. Kg3 Bb7 79. Bf4 Kd7 80. Kxg4 Kc6 81. Kg5 Rb3 82. Be3 Kc7 83. Kf6 Kb8 84. Bd4 Rf3+ 85. Kg7 Kc7 86. Be3 Kc6 87. Bd4 Rd3 88. Be3 Rd7+ 89. Kf6 Kd5 90. Kg5 Rf7 91. Kg6 Ke6 92. Kg5 Ke5 93. Kg6 Rd7 94. Bc5 Kd5 95. Be3 Kc4 96. Kf6 Kb5 97. Ke6 Rh7 98. Kd6 Rf7 99. Ke6 Rg7 100. Kd6 a5 101. Bd2 Rg6+ 102. Ke5 Ba6 103. Bxa5 Kxa5 104. f4 Kb6 105. f5 Rg1 106. Rxa6+ Kxa6 107. f6 Kb7 108. f7 Rf1 109. Ke6 Kc7 110. Ke7 Re1+ 111. Kf6 Kd7 112. f8=Q Rf1+ 113. Kg7 Rxf8 114. Kxf8 1/2-1/2

[Event "ESP chT Honor Division 2019"]
[Site "Melilla"]
[Date "2019.10.04"]
[Round "5.7"]
[White "Ivanchuk, Vassily"]
[Black "Rakhmanov, Aleksandr"]
[Result "1/2-1/2"]
[ECO "C42"]
[WhiteElo "2686"]
[BlackElo "2621"]
[Annotator "ChessBase"]
[PlyCount "102"]
[EventDate "2019.09.30"]
[EventType "team-tourn"]
[EventCountry "ESP"]
[SourceTitle "playchess.com"]
[Source "ChessBase"]
[SourceQuality "1"]
[TimeControl "40/5400+30:1800+30"]

1. e4 e5 2. Nf3 Nf6 3. Nxe5 d6 4. Nf3 Nxe4 5. Nc3 Nf6 6. d4 Be7 7. Bd3 O-O 8. O-O Re8 9. Re1 c6 10. d5 cxd5 11. Bg5 Nc6 12. Bxf6 Bxf6 13. Rxe8+ Qxe8 14. Nxd5 Bd8 15. c3 Ne5 16. Be4 Bd7 17. Nd4 g6 18. Qe2 Bc6 19. g3 Nd7 20. Re1 Nc5 21. Nxc6 bxc6 22. Nb4 d5 23. Bc2 Qxe2 24. Rxe2 Bf6 25. Nxc6 a5 26. b4 Rc8 27. Ne7+ Bxe7 28. Rxe7 axb4 29. cxb4 Na6 30. Bb3 Nxb4 31. Rb7 Nd3 32. Bxd5 Rc1+ 33. Kg2 Ne1+ 34. Kh3 Rc5 35. Bxf7+ Kf8 36. Bb3 Rh5+ 37. Kg4 Nd3 38. f4 Rxh2 39. Bc4 Nc5 40. Rf7+ Ke8 41. Rf6 Kd7 42. Kf3 Rd2 43. Rf7+ Kd6 44. Rxh7 Rc2 45. Bb5 Rxa2 46. Rg7 Ra3+ 47. Kg2 Ne4 48. Rxg6+ Kc5 49. Bd7 Kd4 50. Bc6 Ra2+ 51. Kh3 Nf2+ 1/2-1/2

[Event "ESP chT Honor Division 2019"]
[Site "Melilla"]
[Date "2019.10.04"]
[Round "5.8"]
[White "Peralta, Fernando"]
[Black "Ponomariov, Ruslan"]
[Result "1/2-1/2"]
[ECO "D19"]
[WhiteElo "2569"]
[BlackElo "2675"]
[Annotator "ChessBase"]
[PlyCount "53"]
[EventDate "2019.09.30"]
[EventType "team-tourn"]
[EventCountry "ESP"]
[SourceTitle "playchess.com"]
[Source "ChessBase"]
[SourceQuality "1"]
[TimeControl "40/5400+30:1800+30"]

1. d4 d5 2. c4 c6 3. Nf3 Nf6 4. Nc3 dxc4 5. a4 Bf5 6. e3 e6 7. Bxc4 Bb4 8. O-O O-O 9. Qe2 Bg6 10. Ne5 Nbd7 11. Nxg6 hxg6 12. Rd1 Qa5 13. Na2 Qxa4 14. e4 Qa5 15. Nxb4 Qxb4 16. Ra3 b5 17. Ba2 e5 18. Rg3 exd4 19. Rxg6 Ne5 20. Rxf6 gxf6 21. Qh5 d3 22. f4 Nc4 23. Qg4+ Kh7 24. Qh4+ Kg7 25. Qg4+ Kh7 26. Qf5+ Kg8 27. Qg4+ 1/2-1/2

[Event "ESP chT Honor Division 2019"]
[Site "Melilla"]
[Date "2019.10.04"]
[Round "5.9"]
[White "Anton Guijarro, David"]
[Black "Korneev, Oleg"]
[Result "0-1"]
[ECO "D45"]
[WhiteElo "2674"]
[BlackElo "2504"]
[Annotator "ChessBase"]
[PlyCount "80"]
[EventDate "2019.09.30"]
[EventType "team-tourn"]
[EventCountry "ESP"]
[SourceTitle "playchess.com"]
[Source "ChessBase"]
[SourceQuality "1"]
[TimeControl "40/5400+30:1800+30"]

1. c4 c6 2. d4 d5 3. Nf3 Nf6 4. Nc3 e6 5. e3 Nbd7 6. Qc2 Bd6 7. b3 O-O 8. Be2 b6 9. O-O Bb7 10. Bb2 Qe7 11. Rfe1 Rfe8 12. Rad1 Rad8 13. Bf1 e5 14. dxe5 Nxe5 15. Nd4 dxc4 16. bxc4 Qc7 17. h3 Bf8 18. f4 Ng6 19. g3 h5 20. Re2 Bc5 21. Nf5 Bc8 22. Rde1 Qd7 23. Nh4 Nxh4 24. gxh4 Qf5 25. Qc1 Qxf4 26. Na4 Qxh4 27. Nxc5 bxc5 28. Bg2 Bxh3 29. Bxf6 gxf6 30. Bxh3 Qxh3 31. Rg2+ Kh8 32. e4 Kh7 33. e5 Rg8 34. Qc2+ f5 35. Ree2 Rxg2+ 36. Rxg2 Qe3+ 37. Rf2 Qe1+ 38. Kh2 Qxe5+ 39. Kh3 Qe3+ 40. Kh2 Rd3 0-1

[Event "ESP chT Honor Division 2019"]
[Site "Melilla"]
[Date "2019.10.04"]
[Round "5.10"]
[White "Asis Gargatagli, Hipolito"]
[Black "Lopez Martinez, Josep Manuel"]
[Result "0-1"]
[ECO "C45"]
[WhiteElo "2511"]
[BlackElo "2573"]
[Annotator "ChessBase"]
[PlyCount "79"]
[EventDate "2019.09.30"]
[EventType "team-tourn"]
[EventCountry "ESP"]
[SourceTitle "playchess.com"]
[Source "ChessBase"]
[SourceQuality "1"]
[TimeControl "40/5400+30:1800+30"]

1. e4 e5 2. Nf3 Nc6 3. d4 exd4 4. Nxd4 Nf6 5. Nxc6 bxc6 6. e5 Qe7 7. Qe2 Nd5 8. h4 a5 9. g3 Nb6 10. Nc3 Ba6 11. Qe4 Bxf1 12. Kxf1 Qe6 13. b3 Bb4 14. Bb2 Bxc3 15. Bxc3 f5 16. Qd4 O-O 17. f4 a4 18. Kf2 Rfb8 19. Rhe1 Nd5 20. Bd2 Kf7 21. Red1 Ke8 22. Re1 Rb7 23. Kg1 Ne7 24. Qf2 Rb5 25. Be3 axb3 26. axb3 Rba5 27. Rad1 Ra2 28. Bd4 Nd5 29. Qd2 R8a3 30. Ra1 Qg6 31. Kf2 Rxb3 32. Rxa2 Qxg3+ 33. Kf1 Rf3+ 34. Ke2 Qg4 35. Rg1 Re3+ 36. Kf1 Qf3+ 37. Qf2 Qd1+ 38. Kg2 Qxd4 39. Ra8+ Kf7 40. c3 0-1

[Event "ESP chT Honor Division 2019"]
[Site "Melilla"]
[Date "2019.10.04"]
[Round "5.11"]
[White "Ibarra Jerez, Jose Carlos"]
[Black "Moskalenko, Viktor"]
[Result "1-0"]
[ECO "C05"]
[WhiteElo "2538"]
[BlackElo "2475"]
[Annotator "ChessBase"]
[PlyCount "93"]
[EventDate "2019.09.30"]
[EventType "team-tourn"]
[EventCountry "ESP"]
[SourceTitle "playchess.com"]
[Source "ChessBase"]
[SourceQuality "1"]
[TimeControl "40/5400+30:1800+30"]

1. e4 e6 2. d4 d5 3. Nd2 Nf6 4. e5 Nfd7 5. f4 c5 6. Ngf3 Nc6 7. Nb3 Qb6 8. dxc5 Bxc5 9. Nxc5 Nxc5 10. c3 O-O 11. Qc2 Ne4 12. Bd3 f5 13. Qe2 Nc5 14. Bb1 Qc7 15. O-O a5 16. g4 b6 17. Qg2 Ne7 18. Nd4 Ne4 19. h3 Qd7 20. a4 Ba6 21. Rd1 Nc6 22. gxf5 Nxd4 23. Rxd4 Nc5 24. Bc2 exf5 25. Qxd5+ Qxd5 26. Rxd5 Bb7 27. Rd6 Be4 28. Bxe4 fxe4 29. Rxb6 Nd3 30. e6 Rae8 31. Be3 Nxf4 32. Bxf4 Rxf4 33. Re1 g5 34. Rb5 Rxe6 35. Rxg5+ Kf7 36. Rf1 Rxf1+ 37. Kxf1 Rh6 38. Rxa5 Rxh3 39. Rb5 Rh1+ 40. Kf2 Kg6 41. a5 h5 42. b4 h4 43. a6 h3 44. a7 h2 45. a8=Q Rf1+ 46. Ke2 Re1+ 47. Kd2 1-0